 Dungeon Crawl Stone Soup version 0.27.1-4-g1640c2035a (webtiles) character file.

Game seed: 7195797075818456853

693 Cheops the Changer (level 7, -4/60 HPs)
             Began as a Naga Transmuter on Nov 14, 2021.
             Slain by a meliai zombie (5 damage)
             ... on level 5 of the Dungeon.
             The game lasted 00:15:56 (6104 turns).

Cheops the Changer (Naga Transmuter)                Turns: 6104, Time: 00:15:56

Health: -4/60      AC:  2    Str: 12    XL:     7   Next: 64%
Magic:  9/11       EV: 19    Int: 15    God:
Gold:   228        SH:  0    Dex: 17    Spells: 2/12 levels left

rFire    . . .     SeeInvis +     - Unarmed
rCold    . . .     Faith    .   (shield currently unavailable)
rNeg     . . .     Spirit   .   (armour currently unavailable)
rPois    x         Reflect  .   (helmet currently unavailable)
rElec    .         Harm     .   (cloak currently unavailable)
rCorr    .         Rampage  .   (gloves currently unavailable)
Will     .....                  (no barding)
Stlth    ++........             (no amulet)
HPRegen  0.20/turn              (no ring)
MPRegen  0.12/turn              (no ring)

@: spider-form (expiring)
A: venomous fangs, AC +2, tiny, see invisible, (deformed body), (poison
resistance), (slowness 2), spit poison 1, (naga tail 1)
a: Spit Poison, End Transformation


You were on level 5 of the Dungeon.
You were a venomous arachnid creature.
You visited 1 branch of the dungeon, and saw 5 of its levels.

You collected 228 gold pieces.

Inventory:

Hand Weapons
 b - a +0 dagger of draining
Armour
 a - a +0 robe (melded)
Magical Staves
 c - a staff of air
Wands
 l - a wand of acid (8)
 y - a wand of charming (7)
Scrolls
 d - 3 scrolls of amnesia {unknown}
 i - a scroll of fear {unknown}
 j - a scroll of blinking {unknown}
 k - a scroll of immolation {unknown}
 m - a scroll of enchant armour {unknown}
 n - 2 scrolls of noise {unknown}
 o - 2 scrolls of enchant weapon {unknown}
 p - a scroll of teleportation {unknown}
 s - a scroll of vulnerability {unknown}
 u - a scroll of brand weapon {unknown}
 x - a scroll of magic mapping {unknown}
Potions
 e - a potion of cancellation {unknown}
 f - a potion of heal wounds
 g - 2 potions of attraction {unknown}
 h - a potion of lignification
 q - a potion of might
 r - a potion of flight
 t - a potion of haste
 v - a potion of curing


   Skills:
 - Level 2.0 Fighting
 - Level 1.5 Dodging
 - Level 4.0 Unarmed Combat
 - Level 3.0 Spellcasting
 + Level 4.8 Transmutations
 - Level 4.0 Ice Magic
 - Level 4.0 Poison Magic


You had 2 spell levels left.
You knew the following spells:

 Your Spells              Type           Power      Damage    Failure   Level
a - Beastly Appendage     Tmut           32%        N/A       10%         1
i - Ice Form              Ice/Tmut       15%        N/A       54%         4
s - Spider Form           Tmut/Pois      7%         N/A       24%         3
w - Wereblood             Tmut           16%        N/A       13%         2

Your spell library contained the following spells:

 Spells                   Type           Power      Damage    Failure   Level
 Static Discharge         Conj/Air       2%         N/A       52%         2
 Stone Arrow              Conj/Erth      4%         3d7       73%         3
 Bolt of Magma            Conj/Fire/Erth 1%         4d4       100%        5
 Lightning Bolt           Conj/Air       1%         1d12      100%        5
 Maxwell's Capacitive Co  Air            1%         ∞         100%        8
 Shatter                  Erth           1%         3d5*      100%        9


Dungeon Overview and Level Annotations

Branches:
Dungeon (5/15)
 Temple: D:4-7

Altars:
Ru

Annotations:
D:5 3 runed translucent doors


Innate Abilities, Weirdness & Mutations

You are a venomous arachnid creature.
You have poisonous fangs.
You are tiny and dextrous.
Your spellcasting is less reliable in this form.
Your armour is entirely melded.
You are incapable of wielding weapons or throwing items.
((Your serpentine skin is tough. (AC +2)))
You have supernaturally acute eyesight. (SInv)
((Armour fits poorly on your strangely shaped body.))
((Your system is resistant to poisons. (rPois)))
((You cover ground very slowly.))
You can spit poison.
((You have a snake-like lower body.))


Message History

The meliai zombie misses you. The meliai zombie hits you.
You hit the meliai zombie.
The meliai zombie is moderately damaged.
The meliai zombie hits you! The meliai zombie closely misses you.
The meliai zombie completely misses you. x2
You hit the meliai zombie.
The meliai zombie is moderately damaged.
The meliai zombie hits you. The meliai zombie misses you.
The meliai zombie hits you!
* * * LOW HITPOINT WARNING * * *
The meliai zombie misses you.
You bite the meliai zombie!
The meliai zombie is heavily damaged.
The meliai zombie barely misses you. The meliai zombie misses you.
You hit the meliai zombie.
The meliai zombie is heavily damaged.
The meliai zombie hits you!
* * * LOW HITPOINT WARNING * * *
The meliai zombie closely misses you. The meliai zombie barely misses you.
The meliai zombie hits you.
* * * LOW HITPOINT WARNING * * *
You hit the meliai zombie.
The meliai zombie is severely damaged.
The meliai zombie hits you!
* * * LOW HITPOINT WARNING * * *
The meliai zombie hits you.
* * * LOW HITPOINT WARNING * * *
The meliai zombie hits you but does no damage.
The meliai zombie completely misses you.
You bite the meliai zombie!
The meliai zombie is severely damaged.
The meliai zombie hits you.
* * * LOW HITPOINT WARNING * * *
The meliai zombie closely misses you.
You bite the meliai zombie!
The meliai zombie is almost destroyed.
The meliai zombie hits you!
* * * LOW HITPOINT WARNING * * *
The meliai zombie misses you. The meliai zombie hits you.
You die...

#..##..#
#..#..#
#..#..#
#..#..#
##.##..#
#..#....
##.##...#
#..#####..#
##.sZ......
##########


You could see a meliai zombie.

Vanquished Creatures
  Edmund (D:4)
  A scorpion (D:5)
  A howler monkey (D:2)
  A jelly (D:4)
  A gnoll shaman (D:5)
  A centaur skeleton (D:3)
  4 hounds
  3 iguanas
  6 gnolls
  2 adders
  An ufetubus (D:4)
  An adder skeleton (D:3)
  2 worms (D:2)
  A dart slug (D:1)
  12 orcs
  6 bats
  9 endoplasms
  A giant cockroach (D:4)
  9 goblins
  9 hobgoblins
  11 jackals
  3 kobolds
  5 quokkas
  6 ball pythons
  8 frilled lizards
  5 rats
110 creatures vanquished.

Vanquished Creatures (others)
  5 plants (D:4)
5 creatures vanquished.

Grand Total: 115 creatures vanquished

Notes
Turn   | Place    | Note
-------+----------+-------------------------------------------
     0 | D:1      | Cheops the Naga Transmuter began the quest for the Orb.
     0 | D:1      | Reached XP level 1. HP: 18/18 MP: 3/3
    45 | D:1      | Reached XP level 2. HP: 15/25 MP: 3/5
   553 | D:1      | Learned a level 2 spell: Wereblood
   840 | D:1      | Reached XP level 3. HP: 28/31 MP: 6/6
   844 | D:1      | Learned a level 3 spell: Spider Form
  1337 | D:2      | Reached skill level 1 in Poison Magic
  1511 | D:2      | Reached XP level 4. HP: 18/39 MP: 4/7
  2359 | D:3      | Reached XP level 5. HP: 37/45 MP: 6/8
  3026 | D:3      | Reached skill level 1 in Ice Magic
  3032 | D:3      | Learned a level 4 spell: Ice Form
  3590 | D:4      | Noticed Edmund
  3820 | D:4      | Reached XP level 6. HP: 35/52 MP: 6/10
  3928 | D:4      | Found a sacrificial altar of Ru.
  4014 | D:4      | Killed Edmund
  4904 | D:4      | Reached XP level 7. HP: 28/60 MP: 3/11
  5372 | D:5      | Entered Level 5 of the Dungeon
  6075 | D:5      | Found a runed translucent gate.
  6075 | D:5      | Found a runed translucent gate.
  6075 | D:5      | Found a runed translucent gate.
  6104 | D:5      | HP: 1/60 [meliai zombie (8)]
  6104 | D:5      | Slain by a meliai zombie

Illustrated notes

Levels and vault maps discovered:
D:1:      dpeg_arrival_fog, layout_rooms, amcnicky_mini_corridor_feature
D:2:      layout_rooms, minmay_pentomino_x2
D:3:      layout_rooms
D:4:      layout_loops_ring, marbit_many_paths, minmay_lizard_king, uniq_edmund
D:5:      layout_basic, gammafunk_ghost_icy

Skill      XL: |  1  2  3  4  5  6  7 |
---------------+----------------------+-----
Unarmed Combat | 4 |  4.0
Fighting       | 2 |  2.0
Poison Magic   | 3 4 |  4.0
Spellcasting   | 3 |  3.0
Ice Magic      | 2 3 4 |  4.0
Transmutations | 3 4 |  4.8
Dodging        | |  1.5

Action                   |  1- 3 |  4- 6 |  7- 9 || total
-------------------------+-------+-------+-------++-------
Melee: Unarmed           |    76 |   170 |    55 ||   301
       Headbutt          |     5 |     6 |       ||    11
       Punch             |     1 |     1 |       ||     2
 Cast: Beastly Appendage |    18 |    12 |       ||    30
       Spider Form       |       |    24 |     8 ||    32
 Abil: Spit Poison       |    23 |    25 |     4 ||    52
       End Transformatio |       |     2 |       ||     2
  Use: Scroll            |       |       |     7 ||     7
 Stab: Sleeping          |       |     1 |       ||     1
Armor: Robe              |    24 |    14 |     2 ||    40
       Skin              |       |     5 |     4 ||     9
Dodge: Dodged            |    36 |   125 |    59 ||   220
